 Dungeon Sprint DCSS version 0.29.1-15-g9cfb28693d (webtiles) character file.

Game seed: 14815328198014455638

6582 BigDaddyOpFi the End of an Era (level 11, 0/107 HPs)
             Began as a Hill Orc Monk on Mar 9, 2023.
             Was the Champion of Qazlal.
             Slain by an ice devil (10 damage)
             ... in the Dungeon (Sprint VII: "The Pits").
             The game lasted 00:03:18 (2459 turns).

BigDaddyOpFi the End of an Era (Hill Orc Monk)      Turns: 2459, Time: 00:03:18

Health: 0/107      AC: 13    Str: 19    XL:     11   Next: 1%
Magic:  24/24      EV:  8    Int: 16    God:    Qazlal [******]
Gold:   0          SH:  8    Dex: 13    Spells: 10/10 levels left

rFire   . . .      SeeInvis .   o - +9 sword of Zonguldrok {reap}
rCold   . . .      Faith    .   (no shield)
rNeg    . . .      Spirit   .   p - +3 plate armour
rPois   .          Reflect  .   (no helmet)
rElec   .          Harm     .   (no cloak)
rCorr   .          Rampage  .   (no gloves)
Will    .....      NoTele   +   (no boots)
Stlth   ..........              (no amulet)
HPRegen 0.27/turn               b - +3 ring of intelligence
MPRegen 0.19/turn               h - +3 ring of intelligence

@: slowed, repel missiles, very slow
A: no striking features
a: Renounce Religion, Convert to Beogh, Upheaval, Elemental Force, Disaster Area


You were in the Dungeon.
You worshipped Qazlal.
Qazlal was exalted by your worship.
You visited 1 branch

Inventory:

Hand Weapons
 d - a +1 vorpal broad axe
 o - the +9 sword of Zonguldrok (weapon) {reap}
   (You found it in the Dungeon)

   Any living foe damaged by it may be reanimated upon death as a zombie
   friendly to the wielder, with an increasing chance as more damage is dealt.
Armour
 p - a +3 plate armour (worn)
Jewellery
 b - a +3 ring of intelligence (left hand)
 h - a +3 ring of intelligence (right hand)
Wands
 a - a wand of roots (5)
Scrolls
 i - a scroll of blinking
Potions
 c - a potion of ambrosia
 e - 5 potions of curing
 f - 2 potions of haste
 g - 4 potions of magic
 j - 2 potions of invisibility
 k - 2 potions of resistance
 l - 7 potions of heal wounds
 n - a potion of brilliance


   Skills:
 + Level 13.0 Fighting
 * Level 9.4 Long Blades
 - Level 11.7 Axes
 + Level 9.2 Dodging
 + Level 9.8 Stealth
 * Level 18.5 Invocations


You had 10 spell levels left.
You didn't know any spells.
Your spell library was empty.

Dungeon Overview and Level Annotations

Branches:
Dungeon (1/1)

Altars:
Ashenzari
Cheibriados
Dithmenos
Elyvilon
Fedhas
Gozag
Hepliaklqana
Kikubaaqudgha
Makhleb
Nemelex Xobeh
Okawaru
Qazlal
Ru
Sif Muna
Trog
Uskayaw
Vehumet
Wu Jian
Xom
Yredelemnul
Zin
The Shining One
Beogh
Jiyva
Lugonu


Message History

Your vampire mosquito zombie bites the river rat.
You swap places.
You hear a chilling moan.
Your vampire mosquito zombie bites the river rat.
The river rat dies!
Qazlal accepts your kill.
You hear a shout! x2
Your vampire mosquito zombie is engulfed in blazing flames.
An orc priest comes into view. It is wielding a +0 hand axe.
An orc wizard comes into view. It is wielding a +1 dagger of speed.
The orc wizard shouts!
An orc priest comes into view. It is wielding a +0 dagger.
Your wyvern zombie is engulfed in blazing flames.
Your wyvern zombie is engulfed in blazing flames.
Your vampire mosquito zombie bites the orc wizard but does no damage.
Your vampire mosquito zombie is struck by lightning.
You destroy your vampire mosquito zombie!
An ice devil comes into view.
Something hits you!!
* * * LOW HITPOINT WARNING * * *
Something drains your vigour!
You feel yourself slow down.
Deactivating autopickup; reactivate with Ctrl-A.
You block the orc wizard's attack.
You slice the orc wizard!!
You kill the orc wizard!
Qazlal accepts your kill.
Your wyvern zombie is struck by lightning.
Your vampire mosquito zombie bites the orc priest.
The ice devil barely misses your vampire mosquito zombie.
The orc priest barely misses your vampire mosquito zombie. x2
Something hits you!
* * * LOW HITPOINT WARNING * * *
Your wyvern zombie barely misses something.
Your vampire mosquito zombie barely misses the orc priest.
You swap places.
Something hits you.
* * * LOW HITPOINT WARNING * * *
The ice devil hits you!
* * * LOW HITPOINT WARNING * * *
The ice devil freezes you!
You die...

.#......# ........#
#''###### #)[#####
#####
#†)..).+..+...##
#).[...+..+.....##
#..)[.##..##.....##
#...###....###.4oo#
#..##........###@###
#''#...#..#...#.Z..#
#..).)........+°Z§○+
#''#)).#..#...#.Z°.#
#..##........###.###
#...###....###....#
#≈†. ##..##.....##
##≈.. +..'.....##
###. +..).†.###


You could see an ice devil, 2 orc priests, a friendly adder zombie, a friendly
wyvern zombie and a friendly vampire mosquito zombie.

Vanquished Creatures
  An anaconda (D)
  An orc high priest (D)
  A shadow wraith (D)
  An orc knight (D)
  A swamp dragon (D)
  An orc sorcerer (D)
  A smoke demon (D)
  An ice devil (D)
  A komodo dragon (D)
  A troll (D)
  Prince Ribbit (D)
  Grinder (D)
  A flying skull (D)
  A wyvern (D)
  2 wraiths (D)
  A redback (D)
  3 vampire mosquitoes (D)
  A warg (D)
  Duvessa (D)
  5 orc warriors (D)
  An ogre (D)
  A vampire mosquito zombie (D)
  A necrophage (D)
  A scorpion (D)
  An orc priest (D)
  An orc wizard (D)
  A mummy (D)
  2 adders (D)
  A gnoll (D)
  An orc zombie (D)
  An adder skeleton (D)
  A worm (D)
  4 orcs (D)
  A giant cockroach (D)
  A hobgoblin (D)
  2 jackals (D)
  A quokka (D)
  A ball python (D)
  A ball python skeleton (D)
  2 frilled lizards (D)
  A rat (D)
54 creatures vanquished.

Vanquished Creatures (collateral kills)
  A kobold brigand (D)
  A river rat (D)
2 creatures vanquished.

Vanquished Creatures (others)
  2 orcs (D)
2 creatures vanquished.

Grand Total: 58 creatures vanquished

Notes
Turn   | Place    | Note
-------+----------+-------------------------------------------
     0 | D        | BigDaddyOpFi the Hill Orc Monk began the quest for the Orb.
     0 | D        | Reached XP level 1. HP: 19/19 MP: 1/1
    18 | D        | Found a bloodstained altar of Trog.
    18 | D        | Found a shimmering blue altar of Sif Muna.
    18 | D        | Found a viscous altar of Jiyva.
    18 | D        | Found a hazy altar of Hepliaklqana.
    18 | D        | Found an opulent altar of Gozag.
    19 | D        | Found a glowing golden altar of the Shining One.
    19 | D        | Found a glowing silver altar of Zin.
    19 | D        | Found a basalt altar of Yredelemnul.
    19 | D        | Found a shimmering altar of Xom.
    19 | D        | Found an ornate altar of the Wu Jian Council.
    19 | D        | Found a sacrificial altar of Ru.
    19 | D        | Found a stormy altar of Qazlal.
    19 | D        | Found an iron altar of Okawaru.
    19 | D        | Found a sparkling altar of Nemelex Xobeh.
    19 | D        | Found a burning altar of Makhleb.
    19 | D        | Found a blossoming altar of Fedhas.
    19 | D        | Found a white marble altar of Elyvilon.
    19 | D        | Found a shadowy altar of Dithmenos.
    19 | D        | Found a snail-covered altar of Cheibriados.
    20 | D        | Found a radiant altar of Vehumet.
    20 | D        | Found a corrupted altar of Lugonu.
    20 | D        | Found a roughly hewn altar of Beogh.
    21 | D        | Found a hide-covered altar of Uskayaw.
    21 | D        | Found an ancient bone altar of Kikubaaqudgha.
    21 | D        | Found a broken altar of Ashenzari.
    24 | D        | Became a worshipper of Qazlal Stormbringer
    24 | D        | Reached * piety under Qazlal
    24 | D        | Reached ** piety under Qazlal
   237 | D        | Noticed a scorpion
   244 | D        | Killed a scorpion
   244 | D        | Reached *** piety under Qazlal
   245 | D        | Reached skill level 5 in Fighting
   245 | D        | Reached skill level 5 in Axes
   245 | D        | Reached skill level 4 in Invocations
   245 | D        | Reached XP level 2. HP: 19/29 MP: 1/5
   245 | D        | Reached XP level 3. HP: 24/36 MP: 1/6
   245 | D        | Reached XP level 4. HP: 28/42 MP: 1/7
   248 | D        | Reached skill level 5 in Invocations
   351 | D        | Noticed Grinder
   379 | D        | Killed Grinder
   379 | D        | Reached **** piety under Qazlal
   380 | D        | Reached skill level 9 in Invocations
   380 | D        | Reached XP level 5. HP: 18/52 MP: 8/11
   380 | D        | Reached XP level 6. HP: 21/60 MP: 8/12
   665 | D        | Noticed a warg
   665 | D        | Noticed Prince Ribbit
   679 | D        | Killed Prince Ribbit
   680 | D        | Reached skill level 5 in Dodging
   680 | D        | Reached skill level 5 in Stealth
   680 | D        | Reached skill level 10 in Invocations
   680 | D        | Reached XP level 7. HP: 68/68 MP: 12/15
   688 | D        | Killed a warg
   688 | D        | Reached ***** piety under Qazlal
   689 | D        | Reached skill level 11 in Invocations
   977 | D        | Noticed an ice devil
   994 | D        | Killed an ice devil
   995 | D        | Reached skill level 10 in Axes
   995 | D        | Reached skill level 12 in Invocations
   995 | D        | Reached XP level 8. HP: 7/78 MP: 15/17
  1429 | D        | Noticed a flying skull
  1429 | D        | Noticed Duvessa
  1448 | D        | Killed Duvessa
  1460 | D        | Killed a flying skull
  1461 | D        | Reached skill level 13 in Invocations
  1657 | D        | Noticed a smoke demon
  1657 | D        | Noticed an anaconda
  1658 | D        | Killed an anaconda
  1659 | D        | Reached skill level 10 in Fighting
  1659 | D        | Reached skill level 14 in Invocations
  1659 | D        | Reached XP level 9. HP: 73/86 MP: 10/20
  1660 | D        | Killed a smoke demon
  1661 | D        | Reached skill level 15 in Invocations
  2029 | D        | Found the +9 sword of Zonguldrok {reap}
  2130 | D        | Noticed an orc high priest
  2130 | D        | Noticed a troll
  2132 | D        | Killed an orc high priest
  2132 | D        | Killed a troll
  2132 | D        | Reached ****** piety under Qazlal
  2133 | D        | Reached skill level 5 in Long Blades
  2133 | D        | Reached skill level 16 in Invocations
  2133 | D        | Reached XP level 10. HP: 78/97 MP: 12/22
  2190 | D        | Noticed an orc sorcerer
  2191 | D        | Noticed an orc knight
  2195 | D        | Noticed a swamp dragon
  2195 | D        | Killed a swamp dragon
  2195 | D        | Killed an orc sorcerer
  2195 | D        | Killed an orc knight
  2196 | D        | Reached skill level 17 in Invocations
  2211 | D        | Killed a shadow wraith
  2212 | D        | Reached skill level 18 in Invocations
  2445 | D        | Reached XP level 11. HP: 49/107 MP: 24/24
  2459 | D        | Slain by an ice devil

Illustrated notes

Levels and vault maps discovered:
D:        pitsprint [storerooms_1, entrance_room_1, metal_vault_4, armoury_1,
          mini_pit_1, grid_room_1, main_hall_1, silver_pit, the_coven_3,
          the_vestibule_1, steel_vault_3, golden_pit, hallway_of_sentries,
          crystal_vault_1, iron_vault_2, final_vault]

Skill      XL: |  1  2  3  4  5  6  7  8  9 10 |
---------------+-------------------------------+-----
Fighting       | 5 7 8 9 10 11 13 | 13.0
Stealth        | 3 4 5 6 7 8 9 |  9.8
Axes           | 5 7 8 10 11 | 11.7
Dodging        | 3 4 5 6 7 8 9 |  9.2
Invocations    | 4 9 10 12 14 16 18 | 18.5
Long Blades    | 5 9 |  9.4

Action                   |  1- 3 |  4- 6 |  7- 9 | 10-12 || total
-------------------------+-------+-------+-------+-------++-------
Melee: Hand axe          |    18 |    32 |    79 |       ||   129
       Punch             |       |       |     2 |       ||     2
       Double sword      |       |       |       |    25 ||    25
Invok: Disaster Area     |       |       |     3 |     2 ||     5
  Use: Potion            |       |     5 |     3 |     3 ||    11
Armor: Robe              |     4 |     1 |       |       ||     5
       Plate armour      |       |     2 |    23 |    13 ||    38
Dodge: Dodged            |    14 |     9 |     9 |    14 ||    46
Block: Other             |     1 |     9 |    15 |    19 ||    44
